 Dungeon Crawl Stone Soup version 0.31-a0-115-g4708a659fe (webtiles) character file.

Game seed: 18126403600433902982

27115 gelatine the Nimble (level 13, -2/100 HPs)
             Began as a Djinni Fire Elementalist on May 29, 2023.
             Was a High Priest of Ashenzari.
             Slain by Rupert
             ... wielding a +4 great sword of electrocution
              (3 damage)
             ... on level 3 of the Lair of Beasts.
             The game lasted 01:06:29 (12943 turns).

gelatine the Nimble (Djinni Fire Elementalist)     Turns: 12943, Time: 01:06:30

Health: -2/100     AC: 12    Str:  9    XL:     13   Next: 63%
Gold:   635        EV: 31    Int: 25    God:    Ashenzari [*****.] SH:  8 Dex: 21

rFire   + + .        m - +8 whip of Desmomancy {spect, Str+3, Fort, Comp} (curse)
rCold   x . .        Q - +1 buckler of Ashenzari's Paranoia {Int+4 SInv, Range, Evo} (curse)
rNeg    + . .        E - +2 robe "Sorrow of Ashenzari" {Cun, Range} (curse)
rPois   ∞            V - +0 helmet "Tethered Omission" {Bglg, Cun} (curse)
rElec   .            K - +1 cloak of Curses and Power {Will+, Cun, Range} (curse)
rCorr   .            k - +0 pair of gloves "Lashed With Me" {rN+ Regen+ Dex+3, Bglg, Cun} (curse)
SInv    +            (boots unavailable)
Will    +++..        (no amulet)
Stlth   +++++        g - ring of the Fated Awkwardness {EV+5, Comp, Fort} (curse)
HPRegen 1.16/turn    u - ring of Ashenzari's Augurer {AC+4 Stlth+, Range, Elem} (curse)
MPRegen 0.00/turn

%: clarity, infuse magic (-3 HP)
@: swift, flying, very quick
A: sickness immunity, fire resistance 2, cold vulnerability 1, float, innate
caster, HP casting, extra vitality 1, agile 1, clarity, strong-willed 1,
MP-powered wands
a: Renounce Religion, Shatter the Chains


You were on level 3 of the Lair of Beasts.
You worshipped Ashenzari.
Ashenzari was extremely pleased with you.
You visited 3 branches of the dungeon, and saw 15 of its levels.
You also visited: Sewer.

You collected 796 gold pieces.
You spent 161 gold pieces at shops.

Inventory:

Hand Weapons
 m - the cursed +8 whip of Desmomancy (weapon) {spect, Str+3, Fort, Comp}
   (You found it on level 2 of the Dungeon)

   Str:       It affects your strength (+3).
   It has a curse which improves the following skills: Fortitude: Armour and
   Shields.
   Companions: Summonings and Necromancy.
 G - the +5 rapier "Ribaip" {drain, rC+ Int-3 Dex+3}
   (You found it on level 6 of the Dungeon)

   Int:       It affects your intelligence (-3).
   Dex:       It affects your dexterity (+3).
   rC:        It protects you from cold.
Missiles
 s - a throwing net
 O - 16 boomerangs of dispersal
Armour
 a - a +0 kite shield
 f - +0 steam dragon scales
 k - the cursed +0 pair of gloves "Lashed With Me" (worn) {rN+ Regen+ Dex+3, Bglg, Cun}
   (You acquired it on level 7 of the Dungeon)

   Dex:       It affects your dexterity (+3).
   rN:        It protects you from negative energy.
   Regen:     It increases your rate of health regeneration.
   It has a curse which improves the following skills: Beguiling: Conjurations,
   Hexes and Translocations.
   Cunning:   Dodging and Stealth.
 E - the cursed +2 robe "Sorrow of Ashenzari" (worn) {Cun, Range}
   (You took it off Pikel on level 7 of the Dungeon)

   It has a curse which improves the following skills: Cunning: Dodging and
   Stealth.
   Ranged Combat: Ranged Weapons and Throwing.
 K - the cursed +1 cloak of Curses and Power (worn) {Will+, Cun, Range}
   (You found it on level 7 of the Dungeon)

   It has a curse which improves the following skills: Cunning: Dodging and
   Stealth.
   Ranged Combat: Ranged Weapons and Throwing.
 M - a +0 troll leather armour
 Q - the cursed +1 buckler of Ashenzari's Paranoia (worn) {Int+4 SInv, Range, Evo}
   (You acquired it on level 1 of the Lair of Beasts)

   Int:       It affects your intelligence (+4).
   SInv:      It lets you see invisible.
   It has a curse which improves the following skills: Ranged Combat: Ranged
   Weapons and Throwing.
   Evocations: Evocations.
 R - a scarf of resistance
 V - the cursed +0 helmet "Tethered Omission" (worn) {Bglg, Cun}
   (You found it on level 1 of the Lair of Beasts)

   It has a curse which improves the following skills: Beguiling: Conjurations,
   Hexes and Translocations.
   Cunning:   Dodging and Stealth.
 X - a +2 helmet
Magical Staves
 i - a staff of conjuration
 q - a staff of poison
 T - the staff of fire "Owomar" {rPois rF+ Str-5 Dex+8 Stlth+}
   (You found it on level 1 of the Lair of Beasts)

   [staff of fire]

   Base accuracy: +5 Base damage: 5 Base attack delay: 1.2 This weapon's minimum
   attack delay (0.6) is reached at skill level 12.
   Str:       It affects your strength (-5).
   Dex:       It affects your dexterity (+8).
   rF:        It protects you from fire.
   rPois:     It protects you from poison.
   Stlth:     It makes you more stealthy.
   It falls into the 'Staves' category.
   It is a one-handed weapon.
Jewellery
 g - the cursed ring of the Fated Awkwardness (left hand) {EV+5, Comp, Fort}
   (You found it on level 3 of the Dungeon)

   [ring of evasion]

   EV:        It affects your evasion (+5).
   It has a curse which improves the following skills: Companions: Summonings
   and Necromancy.
   Fortitude: Armour and Shields.
 t - a +6 ring of dexterity
 u - the cursed ring of Ashenzari's Augurer (right hand) {AC+4 Stlth+, Range, Elem}
   (You found it on level 3 of the Dungeon)

   [ring of protection]

   AC:        It affects your AC (+4).
   Stlth:     It makes you more stealthy.
   It has a curse which improves the following skills: Ranged Combat: Ranged
   Weapons and Throwing.
   Elements:  Fire Magic, Ice Magic, Air Magic and Earth Magic.
 C - a +4 ring of protection
 I - a ring of protection from cold
 L - a ring of positive energy
 S - a ring of ice
 U - a ring of protection from cold
Wands
 v - a wand of flame (63)
 y - a wand of charming (11)
 B - a wand of polymorph (7)
Scrolls
 b - 7 scrolls of teleportation
 l - 3 scrolls of immolation
 w - 2 scrolls of magic mapping
 x - a scroll of butterflies
 A - a scroll of silence
 D - 6 scrolls of enchant weapon
 F - 4 scrolls of vulnerability
 H - 3 scrolls of poison
 J - a scroll of brand weapon
 N - 2 scrolls of blinking
Potions
 c - 5 potions of enlightenment
 d - a potion of resistance
 e - 3 potions of attraction
 h - 3 potions of mutation
 j - a potion of berserk rage
 n - 2 potions of lignification
 o - 5 potions of brilliance
 p - a potion of magic
 r - 7 potions of curing
 z - 2 potions of haste
 P - 2 potions of ambrosia
 W - a potion of heal wounds
 Y - a potion of might
Miscellaneous
 Z - a phantom mirror


   Skills:
 * Level 11.8 Fighting
 + Level 2.1 Maces & Flails
 * Level 13.1(18.1) Dodging
 + Level 3.9(8.3) Stealth
 * Level 5.6(8.8) Shields
 * Level 9.8 Spellcasting
 * Level 9.8(13.0) Conjurations
 * Level 9.8(13.0) Hexes
 * Level 9.8(13.0) Summonings
 * Level 9.8(13.0) Necromancy
 * Level 9.8(13.0) Translocations
 * Level 9.8 Transmutations
 * Level 9.8(12.0) Fire Magic
 * Level 9.8(12.0) Ice Magic
 * Level 9.8(12.0) Air Magic
 * Level 9.8(12.0) Earth Magic
 * Level 9.8 Poison Magic
 + Level 3.0(4.8) Evocations


You knew the following spells:

 Your Spells              Type           Power      Damage    Failure   Level
a - Foxfire               Conj/Fire      100%       2x1d9     1%          1
b - Scorch                Fire           100%       2d9       1%          2
c - Volatile Blastmotes   Fire/Tloc      100%       2d18      1%          3
d - Inner Flame           Hex/Fire       66%        N/A       1%          3
e - Flame Wave            Conj/Fire      66%        2d15      1%          4
f - Shock                 Conj/Air       100%       1d9       1%          1
g - Momentum Strike       Conj/Tloc      100%       3d10      1%          2
h - Swiftness             Air            64%        N/A       1%          3
i - Summon Guardian Gole  Hex/Summ       67%        N/A       1%          3
j - Fulminant Prism       Conj/Hex       33%        3d16      1%          4
k - Fireball              Conj/Fire      33%        3d14      1%          5
Your spell library was empty.

Dungeon Overview and Level Annotations

Branches:
Dungeon (11/15)            Temple (1/1) D:6            Lair (3/5) D:11
  Swamp (0/4) Lair:2        Snake (0/4) Lair:3          Orc (0/2) D:11
  Sewer (visited)

Altars:
Ashenzari
Cheibriados
Dithmenos
Elyvilon
Fedhas
Gozag
Hepliaklqana
Makhleb
Nemelex Xobeh
Okawaru
Qazlal
Ru
Trog
Uskayaw
Wu Jian
Xom
Yredelemnul
Zin
The Shining One

Shops:
D:4 =   D:6 *

Annotations:
D:9 3 runed translucent doors, AuraOfTheDawn's ghost, novice TrFi
Lair:3 1 runed translucent door, 1 exclusion, Rudyous's ghost, journeyman DgCj; Rupert


Innate Abilities, Weirdness & Mutations

You are immune to sickness and miasma.
You are immune to poison.
Your flesh is very heat resistant. (rF++)
You are vulnerable to cold. (rC-)
You float through the air rather than walking.
You learn spells naturally, not from books.
Your magical power is your life essence.
You have superior vitality. (+4 MHP)
You are agile. (Dex +4, Str/Int -1)
You possess an exceptional clarity of mind.
You are strong-willed. (Will+)
You expend health (3 HP) to strengthen your wands.


Message History

Casting: Volatile Blastmotes (safe; 1% risk of failure)
Confirm with . or Enter, or press ? or * to list all spells.
A cloud of volatile blastmotes flares up around you!
Rupert looks excited.
Casting: Volatile Blastmotes (safe; 1% risk of failure)
Confirm with . or Enter, or press ? or * to list all spells.
A cloud of volatile blastmotes flares up around you!
Rudyous's ghost turns its malevolent gaze towards you.
Rupert looks confused.
The cloud of blastmotes explodes!
The concussive blast engulfs the yak!!
The yak is heavily wounded.
Casting: Volatile Blastmotes (safe; 1% risk of failure)
Confirm with . or Enter, or press ? or * to list all spells.
A cloud of volatile blastmotes flares up around you!
Rupert roars madly and goes into a rage!
Rupert goes berserk!
Rupert rages.
The cloud of blastmotes explodes!
The concussive blast engulfs Rupert!
Rupert is lightly wounded.
The concussive blast engulfs you. You resist.
You are knocked back by the blast.
Casting: Volatile Blastmotes (safe; 1% risk of failure)
Confirm with . or Enter, or press ? or * to list all spells.
A cloud of volatile blastmotes flares up around you!
Rupert hits you with a +4 great sword of electrocution!!
The cloud of blastmotes explodes!
The concussive blast engulfs Rupert!
Rupert is lightly wounded.
The concussive blast engulfs you. You resist. Rupert attacks as you move away!
Rupert hits you with a +4 great sword of electrocution!!
Rupert barely misses you.
Casting: Volatile Blastmotes (safe; 1% risk of failure)
Confirm with . or Enter, or press ? or * to list all spells.
You feel quick.
Rupert hits you with a +4 great sword of electrocution!!
* * * LOW HITPOINT WARNING * * *
You are electrocuted!
* * * LOW HITPOINT WARNING * * *
Rupert hits you with a +4 great sword of electrocution.
You die...

#............P♣♣# ##..#.#...
♣.........P..♣P.# #.........
............P♣P.#
##.........
P♣♣♣♣♣♣..♣..♣♣.♣#
#.........#
♣§♣....P..♣.P.♣.##
#.......###
♣♣§.....♣P..P.♣♣.##
*#[#...###
.§♣♣♣♣..PPP♣.♣##..#
#.##..#.#
§♣♣♣..♣♣.P♣......##
####..###
♣P♣♣♣P..♣♣♣♣♣...@### #...#
..♣...♣.P.♣....#@..# #..##
.♣.♣♣♣P♣.♣...P♣.Y.### ##...#
.♣♣♣♣P♣♣♣♣♣♣...♣..#.###...##
...♣♣♣ ..P.P♣♣.♣..###.<..#
.♣♣♣ ♣♣P♣P♣♣♣.♣.#........#
.♣♣ ♣.♣...♣♣....##......#
.<♣♣ ♣♣.P♣♣♣♣♣#####.#....# #
#..♣♣♣♣.♣♣.♣.P #......####
##


You could see Rupert (berserk) and a yak.

Vanquished Creatures
  A catoblepas (Lair:3)
  A boulder beetle (Lair:1)
  3 death yaks (Lair:2)
  A centaur warrior (D:9)
  A two-headed ogre (D:11)
  Pikel (D:7)
  A cyclops (D:11)
  A manticore (D:11)
  6 elephants (Lair:3)
  5 black mambas
  2 cane toads (Lair:2)
  A gargoyle (D:11)
  6 komodo dragons
  3 trolls
  2 polar bears
  Prince Ribbit (D:8)
  A dream sheep (Lair:3)
  A water elemental (D:11)
  4 wyverns
  2 spriggans (Lair:3)
  2 shadows
  30 yaks
  A wraith (D:11)
  3 steam dragons
  2 basilisks
  A vampire mosquito (D:11)
  Edmund (D:6)
  2 swamp worms (Lair:1)
  3 nagas (Lair:3)
  Duvessa (D:7)
  11 water moccasins
  A black bear (D:11)
  Pargi (Sewer)
  7 orc warriors
  A sky beast (D:6)
  An ice beast (D:6)
  2 ogres (D:5)
  6 wolves
  A centaur (D:11)
  A lemure (D:7)
  6 kobold brigands
  11 bullfrogs
  3 gnoll sergeants
  5 scorpions
  Dowan (D:7)
  16 killer bees
  8 electric eels
  2 howler monkeys
  2 jellies
  6 hounds
  12 orc priests
  A gnoll bouda (D:8)
  4 sleepcaps
  Jessica (D:2)
  4 iguanas
  12 orc wizards
  Natasha (D:2)
  9 adders
  24 gnolls
  2 white imps
  A worm (D:2)
  7 dart slugs
  53 orcs
  9 ball pythons
  8 bats
  An endoplasm (D:3)
  3 giant cockroaches
  7 goblins
  10 hobgoblins
  2 quokkas
  9 frilled lizards
  31 kobolds
  12 rats
  2 butterflies (D:6)
  2 foxfires (Lair:1)
409 creatures vanquished.

Vanquished Creatures (collateral kills)
  39 foxfires
39 creatures vanquished.

Vanquished Creatures (others)
  A wizard (D:3)
  An orc wizard (D:11)
  1310 foxfires
  22 fulminant prisms
1334 creatures vanquished.

Grand Total: 1782 creatures vanquished

Notes
Turn   | Place    | Note
-------+----------+-------------------------------------------
     0 | D:1      | gelatine the Djinni Fire Elementalist began the quest for
                  | the Orb.
     0 | D:1      | gelatine set off with the following spells memorised:
                  | Foxfire, Scorch, Volatile Blastmotes, Inner Flame, Flame
                  | Wave.
     0 | D:1      | Reached XP level 1. HP: 15/15 MP: 0/0
   158 | D:1      | Reached XP level 2. HP: 12/21 MP: 0/0
   555 | D:1      | Reached XP level 3. HP: 23/25 MP: 0/0
   555 | D:1      | Learned a level 1 spell: Shock
   574 | D:1      | Found a faded altar of an unknown god.
   820 | D:1      | Reached skill level 3 in Dodging
  1274 | D:2      | Noticed Jessica
  1281 | D:2      | Killed Jessica
  1282 | D:2      | Reached XP level 4. HP: 10/31 MP: 0/0
  1475 | D:2      | Identified the +8 whip of Feut {spect, Str+3}
  1695 | D:2      | Found the +2 pair of slick slippers {slick, slippery, EV+4}
  1708 | D:2      | Noticed Natasha
  1716 | D:2      | Killed Natasha
  1717 | D:2      | Reached skill level 1 in Fighting
  1717 | D:2      | Reached XP level 5. HP: 33/37 MP: 0/0
  1717 | D:2      | Learned a level 2 spell: Momentum Strike
  1864 | D:3      | Gained mutation: You are agile. (Dex +4, Str/Int -1)
                  | [potion of mutation]
  1864 | D:3      | Gained mutation: You possess an exceptional clarity of
                  | mind. [potion of mutation]
  1864 | D:3      | Gained mutation: You expend health (3 HP) to strengthen
                  | your wands. [potion of mutation]
  1864 | D:3      | Gained mutation: You are strong-willed. (Will+) [potion of
                  | mutation]
  2077 | D:3      | Reached XP level 6. HP: 41/43 MP: 0/0
  2149 | D:3      | Reached skill level 4 in Dodging
  2523 | D:3      | Found a bloodstained altar of Trog.
  2525 | D:3      | Noticed a wizard
  2529 | D:3      | Killed a wizard
  2884 | D:3      | Identified the ring "Ogragik" {AC+4 Stlth+}
  3202 | D:4      | Found a glowing drain.
  3215 | Sewer    | Entered a sewer
  3247 | Sewer    | Noticed Pargi
  3258 | Sewer    | Killed Pargi
  3259 | Sewer    | Reached skill level 1 in Maces & Flails
  3259 | Sewer    | Reached XP level 7. HP: 41/50 MP: 0/0
  3259 | Sewer    | Learned a level 3 spell: Swiftness
  3555 | D:4      | Found Ycvaech's Jewellery Shoppe.
  4033 | D:5      | Entered Level 5 of the Dungeon
  4306 | D:5      | Reached skill level 5 in Dodging
  4316 | D:5      | Found a large runed translucent door.
  4321 | D:5      | Found a large runed translucent door.
  4383 | D:5      | Reached XP level 8. HP: 46/58 MP: 0/0
  5109 | D:5      | Found an opulent altar of Gozag.
  5116 | D:5      | Found a sacrificial altar of Ru.
  5189 | D:6      | Reached skill level 6 in Dodging
  5191 | D:6      | Found a staircase to the Ecumenical Temple.
  5201 | Temple   | Entered the Ecumenical Temple
  5302 | Temple   | Became a worshipper of Ashenzari the Shackled
  5374 | D:6      | Identified the +5 rapier "Ribaip" {drain, rC+ Int-3 Dex+3}
  5406 | D:6      | Reached skill level 5 in Fighting
  5406 | D:6      | Reached skill level 5 in Spellcasting
  5406 | D:6      | Reached skill level 5 in Conjurations
  5406 | D:6      | Reached skill level 5 in Hexes
  5406 | D:6      | Reached skill level 5 in Summonings
  5406 | D:6      | Reached skill level 5 in Necromancy
  5406 | D:6      | Reached skill level 5 in Translocations
  5406 | D:6      | Reached skill level 5 in Transmutations
  5406 | D:6      | Reached skill level 5 in Fire Magic
  5406 | D:6      | Reached skill level 5 in Ice Magic
  5406 | D:6      | Reached skill level 5 in Air Magic
  5406 | D:6      | Reached skill level 5 in Earth Magic
  5406 | D:6      | Reached skill level 5 in Poison Magic
  5535 | D:6      | Reached XP level 9. HP: 60/65 MP: 0/0
  5535 | D:6      | Learned a level 3 spell: Summon Guardian Golem
  5562 | D:6      | Found Ederch's General Store.
  5566 | D:6      | Bought a +1 cloak for 161 gold pieces
  5767 | D:6      | Noticed Edmund
  5773 | D:6      | Killed Edmund
  6275 | D:7      | Reached skill level 7 in Dodging
  6573 | D:7      | Found a glowing silver altar of Zin.
  6692 | D:7      | Noticed Duvessa
  6714 | D:7      | Killed Duvessa
  6743 | D:7      | Noticed Dowan
  6747 | D:7      | Killed Dowan
  6957 | D:7      | Identified a scroll of acquirement
  6958 | D:7      | Acquired the +0 pair of gloves of Isodeity {rN+ Regen+
                  | Dex+3}
  7295 | D:7      | Noticed Pikel
  7316 | D:7      | Killed Pikel
  7317 | D:7      | Reached skill level 8 in Dodging
  7317 | D:7      | Reached skill level 1 in Evocations
  7317 | D:7      | Reached XP level 10. HP: 67/73 MP: 0/0
  7410 | D:8      | Noticed Prince Ribbit
  7499 | D:8      | Killed Prince Ribbit
  8642 | D:9      | Noticed a two-headed ogre
  8644 | D:9      | Found a runed translucent gate.
  8645 | D:9      | Found a runed translucent gate.
  8645 | D:9      | Found a runed translucent gate.
  8659 | D:9      | Reached skill level 9 in Dodging
  8669 | D:9      | Noticed a centaur warrior
  8677 | D:9      | Killed a centaur warrior
  8758 | D:9      | Noticed AuraOfTheDawn's ghost (novice TrFi)
  8784 | D:9      | Reached XP level 11. HP: 81/81 MP: 0/0
  8784 | D:9      | Learned a level 4 spell: Fulminant Prism
  8907 | D:9      | Reached * piety under Ashenzari
  9076 | D:9      | Found a hazy altar of Hepliaklqana.
  9175 | D:10     | Entered Level 10 of the Dungeon
  9306 | D:10     | Reached skill level 10 in Dodging
  9485 | D:10     | Identified the Lectures on Gloom and Oromancy
  9941 | D:11     | Reached ** piety under Ashenzari
  9998 | D:11     | Noticed a cyclops
 10003 | D:11     | Killed a cyclops
 10013 | D:11     | Reached skill level 11 in Dodging
 10128 | D:11     | Reached XP level 12. HP: 71/91 MP: 0/0
 10130 | D:11     | Noticed a two-headed ogre
 10141 | D:11     | Killed a two-headed ogre
 10142 | D:11     | Reached skill level 10 in Fighting
 10327 | D:11     | Found a staircase to the Lair.
 10439 | D:11     | Found a staircase to the Orcish Mines.
 10622 | Lair:1   | Entered Level 1 of the Lair of Beasts
 10640 | Lair:1   | Reached *** piety under Ashenzari
 10694 | Lair:1   | Acquired the +1 buckler "Heiv" {Int+4 SInv}
 10796 | Lair:1   | Reached skill level 1 in Shields
 11001 | Lair:1   | Identified the staff of fire "Owomar" {rPois rF+ Str-5
                  | Dex+8 Stlth+}
 11247 | Lair:1   | Noticed a boulder beetle
 11263 | Lair:1   | Killed a boulder beetle
 11264 | Lair:1   | Reached skill level 12 in Dodging
 11417 | Lair:2   | Noticed a death yak
 11469 | Lair:2   | Noticed a death yak
 11486 | Lair:2   | Killed a death yak
 11493 | Lair:2   | Noticed a death yak
 11499 | Lair:2   | Killed a death yak
 11504 | Lair:2   | Reached XP level 13. HP: 36/99 MP: 0/0
 11504 | Lair:2   | Learned a level 5 spell: Fireball
 11615 | Lair:2   | Reached **** piety under Ashenzari
 11914 | Lair:2   | Found a staircase to the Swamp.
 12311 | Lair:3   | Reached ***** piety under Ashenzari
 12344 | Lair:3   | Found a glowing golden altar of the Shining One.
 12350 | Lair:3   | Noticed a catoblepas
 12364 | Lair:3   | Killed a catoblepas
 12368 | Lair:3   | Reached skill level 5 in Shields
 12495 | Lair:3   | Found a staircase to the Snake Pit.
 12604 | Lair:3   | Reached skill level 13 in Dodging
 12731 | Lair:3   | Found a runed translucent door.
 12733 | Lair:3   | Noticed Rudyous's ghost (journeyman DgCj)
 12888 | Lair:3   | Noticed Rupert
 12943 | Lair:3   | HP: 1/100 [Rupert/+4 great sword of electrocution (14)]
 12943 | Lair:3   | Slain by Rupert

Illustrated notes

Levels and vault maps discovered:
D:1:      minmay_arrival_split_and_join, layout_basic,
          dilly_ecumenical_altar_fadedgnrine, minmay_lizard_king
D:2:      layout_loops_ring, chequers_serial_rivers_room_a, minmay_tromino_i2,
          uniq_natasha, uniq_jessica
D:3:      minmay_spotlight, layout_loops_ring, trog_wizard
D:4:      layout_loops_ring, cheibrodos_sewer_entry_sluice, serial_shops, shop
D:5:      layout_cave_pools, jmf_multi_god_temple2
D:6:      layout_loops_ring, minmay_temple_entry_butterflies, serial_shops,
          nicolae_shop_pleasant_corner_grove, uniq_edmund
D:7:      layout_loops_cross, lemuel_crystal_altar, uniq_duvessa, uniq_pikel
D:8:      layout_basic, serial_aquarium, aquarium_bridge_square
          [aquarium_subvault_wall, aquarium_subvault_balcony,
          aquarium_subvault_bridge, aquarium_subvault_bridge],
          aquarium_bridge_square [aquarium_subvault_balcony,
          aquarium_subvault_bridge, aquarium_subvault_bridge,
          aquarium_subvault_wall], aquarium_window_corner, aquarium_window_2,
          aquarium_window_3, aquarium_window_corner, aquarium_view_2c,
          aquarium_balcony_5a, aquarium_pool_corner, nicolae_grassy_gnolls,
          uniq_prince_ribbit1
D:9:      layout_basic, nicolae_overflow_squiral, gammafunk_ghost_split
D:10:     layout_basic, minmay_unpleasant_kobolds
D:11:     layout_rooms, due_lair_maze_entry_diamond, erik_orc_2, st_stairs_2
Temple:   nicolae_temple_superstar
Lair:1:   layout_cave_pods, worms_lemuel
Lair:2:   layout_chaotic_city, minmay_swamp_entry_eels,
          infiniplex_staircase_pool_2
Lair:3:   wad_woods_stonehenge, layout_misc_corridors,
          guppyfry_snake_entry_garden, gammafunk_ghost_grave, uniq_rupert

Skill      XL: |  1  2  3  4  5  6  7  8  9 10 11 12 13 |
---------------+----------------------------------------+-----
Spellcasting   | 4 5 6 7 8 9 |  9.8
Conjurations   | 4 5 6 7 8 9 |  9.8
Hexes          | 4 5 6 7 8 9 |  9.8
Summonings     | 4 5 6 7 8 9 |  9.8
Necromancy     | 4 5 6 7 8 9 |  9.8
Translocations | 4 5 6 7 8 9 |  9.8
Transmutations | 4 5 6 7 8 9 |  9.8
Fire Magic     | 4 5 6 7 8 9 |  9.8
Ice Magic      | 4 5 6 7 8 9 |  9.8
Air Magic      | 4 5 6 7 8 9 |  9.8
Earth Magic    | 4 5 6 7 8 9 |  9.8
Poison Magic   | 4 5 6 7 8 9 |  9.8
Stealth        | 2 3 |  3.9
Dodging        | 3 4 5 6 8 9 11 12 13 | 13.1
Fighting       | 1 2 3 5 6 8 9 11 | 11.8
Maces & Flails | 1 2 |  2.1
Evocations     | 1 3 |  3.0
Shields        | 3 5 |  5.6

Action                     |  1- 3 |  4- 6 |  7- 9 | 10-12 | 13-15 || total
---------------------------+-------+-------+-------+-------+-------++-------
  Melee: Whip              |       |    58 |    36 |    28 |    26 ||   148
   Cast: Foxfire           |    81 |    62 |   163 |   401 |   109 ||   816
         Scorch            |     3 |     4 |    23 |    94 |    20 ||   144
         Volatile Blastmot |     2 |    20 |    43 |    37 |    10 ||   112
         Swiftness         |       |       |     2 |     1 |     1 ||     4
         Flame Wave        |       |       |     1 |    14 |     6 ||    21
         Fulminant Prism   |       |       |       |    21 |     1 ||    22
         Summon Guardian G |       |       |       |     1 |     2 ||     3
         Fireball          |       |       |       |       |     8 ||     8
 Invoke: Curse Item        |       |       |       |     5 |     3 ||     8
    Use: Potion            |       |     3 |     1 |     1 |       ||     5
         Scroll            |       |     9 |     6 |     7 |       ||    22
   Stab: Sleeping          |       |     2 |       |       |       ||     2
         Distracted        |       |       |       |     1 |     1 ||     2
         Petrified         |       |       |       |       |     1 ||     1
 Armour: Robe              |       |    14 |     7 |    14 |     9 ||    44
  Dodge: Dodged            |       |    67 |    68 |   159 |    66 ||   360
  Block: Kite shield       |       |       |       |     1 |       ||     1
         Buckler           |       |       |       |    11 |    32 ||    43

Table legend: (Time is in decaauts)
 A = Elapsed time spent in this place.
 B = Non-inter-level travel time spent in this place.
 C = Inter-level travel time spent in this place.
 D = Time resting spent in this place.
 E = Time spent auto-exploring this place.
 F = Levels seen in this place.
 G = Mean time per level.
                   A        B        C        D        E       F      G
               +--------+--------+--------+--------+--------+-----+--------+
         Total |  12938 |  12601 |    337 |      0 |   9411 |  16 |  808.6 |
       Dungeon |  10359 |  10103 |    256 |      0 |   7690 |  11 |  941.7 |
        Temple |    152 |    102 |     50 |      0 |     83 |   1 |  152.0 |
          Lair |   2322 |   2291 |     31 |      0 |   1619 |   3 |  774.0 |
         Sewer |    104 |    104 |      0 |      0 |     19 |   1 |  104.0 |
               +--------+--------+--------+--------+--------+-----+--------+

Top non-repeatable levels by time:
     D:7: 1180 daAuts
     D:4: 1148 daAuts
     D:8: 1146 daAuts
     D:3: 1140 daAuts
     D:1: 1065 daAuts
     D:6: 946 daAuts
     D:5: 938 daAuts
  Lair:2: 880 daAuts
  Lair:1: 794 daAuts
    D:11: 792 daAuts
     D:2: 762 daAuts
    D:10: 653 daAuts
  Lair:3: 647 daAuts
     D:9: 583 daAuts
  Temple: 152 daAuts
